Lightning vs Canadiens

Created - 22 décembre 2020 at 21:02

Goals
1 2 3 T
Lightning 1 0 0 1
Canadiens 1 1 2 4
Shots
1 2 3 T
Lightning 10 4 15 29
Canadiens 21 8 9 38

1st period

1. Lightning , Jason Demers 3 (Travis Zajac 8, Zack Kassian 7) at 12:51
2. Canadiens , Ilya Kovalchuk 7 (David Krejci 9, Cam Fowler 14) at 13:58 (PP)

Penalties :
Jeff Carter (TBL) for Slashing (Minor) at 13:52

2nd period

3. Canadiens , Valeri Nichushkin 7 (Patrick Kane 18, Cam Fowler 15) at 15:29

Penalties :
Logan Couture (TBL) for High sticking (Minor) at 7:59

3rd period

4. Canadiens , Patrick Kane 11 (Auston Matthews 18, Cam Fowler 16) at 16:35
5. Canadiens , David Krejci 6 (Jakob Silfverberg 11, Ilya Kovalchuk 6) at 18:48

Penalties :
Cam Fowler (MTL) for Hooking (Minor) at 0:28

Goalie Stats

Elvis Merzlikins (TBL), 34 saves from 38 shots - (0,895), L, 6-6-2, 60:00 minutes
Tuukka Rask (MTL), 28 saves from 29 shots - (0,966), W, 7-5-1, 60:00 minutes

Players Stats for Lightning

Player Name              G  A  P  +/- PIM S  H  SB GA TA FO     MP     PP MP  PK MP  
------------------------------------------------------------------------------------
Alex Killorn             0  0  0  -2  0   4  0  0  0  0  1/2    22:41   0:48   0:30 
Alexander Edler          0  0  0  -2  0   2  2  4  0  0  0/0    25:05   0:48   1:13 
Bo Horvat                0  0  0  -1  0   3  1  0  0  0  17/27  19:37   1:11   0:00 
Erik Gudbranson          0  0  0  -1  0   2  2  0  0  0  0/0    17:38   1:11   0:52 
Frederik Gauthier        0  0  0   0  0   0  2  0  0  0  2/10    5:04   0:00   0:23 
Gabriel Carlsson         0  0  0   0  0   0  0  0  0  0  0/0     0:00   0:00   0:00 
Jason Demers             1  0  1   1  0   1  0  1  0  0  0/0    17:17   0:00   0:00 
Jeff Carter              0  0  0  -1  2   3  1  0  0  0  1/2    19:36   1:11   0:00 
Jeff Skinner             0  0  0   1  0   1  0  0  0  0  0/0    15:39   0:00   0:30 
Joonas Donskoi           0  0  0  -1  0   4  1  0  0  0  0/1    20:00   1:11   0:23 
Kevin Shattenkirk        0  0  0  -2  0   2  1  3  0  0  0/0    25:05   0:48   1:13 
Logan Couture            0  0  0  -2  2   3  1  0  0  0  1/1    18:27   0:48   0:00 
Patrice Bergeron         0  0  0  -2  0   2  2  1  0  0  13/23  18:28   0:48   0:00 
Pierre-Edouard Bellemare 0  0  0   0  0   0  0  0  0  0  0/0     5:53   0:00   1:12 
Travis Zajac             0  1  1   1  0   0  1  0  0  0  8/22   17:19   0:00   1:12 
Trevor Daley             0  0  0   1  0   1  0  0  0  0  0/0    17:17   0:00   0:00 
Zach Bogosian            0  0  0  -1  0   0  2  1  0  0  0/0    17:38   1:11   0:52 
Zack Kassian             0  1  1   1  0   1  3  0  0  0  1/1    15:09   0:00   0:00 

Players Stats for Canadiens

Player Name              G  A  P  +/- PIM S  H  SB GA TA FO     MP     PP MP  PK MP  
------------------------------------------------------------------------------------
Artturi Lehkonen         0  0  0   0  0   1  1  0  0  0  0/0    13:42   0:00   1:12 
Auston Matthews          0  1  1   2  0   6  3  0  0  0  19/31  20:45   1:14   0:00 
Cam Fowler               0  3  3   1  2   1  0  3  0  0  0/0    22:27   1:03   0:00 
Colin White              0  0  0   0  0   0  0  0  0  0  7/18   12:30   0:00   0:00 
Danny DeKeyser           0  0  0   0  0   1  2  1  0  0  0/0    18:42   0:00   1:31 
David Krejci             1  1  2   1  0   4  0  0  0  0  12/23  18:05   0:51   0:00 
Ilya Kovalchuk           1  1  2   1  0   5  4  0  0  0  0/0    18:05   0:51   0:00 
Jakob Silfverberg        0  1  1   1  0   3  0  1  0  0  0/4    18:52   0:51   0:47 
Josh Morrissey           0  0  0   1  0   0  3  3  0  0  0/0    20:05   1:03   1:39 
Justin Abdelkader        0  0  0  -1  0   1  0  0  0  0  1/1     6:41   0:00   0:00 
Karl Alzner              0  0  0   0  0   0  2  0  0  0  0/0    17:08   0:00   0:00 
Loui Eriksson            0  0  0  -1  0   2  0  0  0  0  1/2     7:28   0:00   0:47 
Nate Schmidt             0  0  0   1  0   0  0  2  0  0  0/0    18:53   1:02   0:28 
Nick Shore               0  0  0  -1  0   1  0  0  0  0  4/6     7:53   0:00   1:12 
Patrick Kane             1  1  2   2  0   5  0  0  0  0  0/1    20:45   1:14   0:00 
Travis Sanheim           0  0  0   1  0   2  1  0  0  0  0/0    22:44   1:02   0:20 
Tyson Jost               0  0  0   0  0   5  3  0  0  0  0/0    12:30   0:00   0:00 
Valeri Nichushkin        1  0  1   2  0   1  4  0  0  0  1/3    20:45   1:14   0:00 

3 Stars

1 - Ilya Kovalchuk (MTL)
2 - Valeri Nichushkin (MTL)
3 - Patrick Kane (MTL)

Power Play

Lightning - 0 on 1 Attempt(s) - 0,00%
Canadiens - 1 on 2 Attempt(s) - 50,00%

Penalty Kill

Lightning - 1 on 2 Attempt(s) - 50,00% - Score 0 goal in Penalty Kill
Canadiens - 1 on 1 Attempt(s) - 100,00% - Score 0 goal in Penalty Kill

Team Stat

Lightning - Hits : 19 - Faceoff Wins : 44 - Blocked Shots : 10 - Penalty Minutes : 4
Canadiens - Hits : 23 - Faceoff Wins : 45 - Blocked Shots : 10 - Penalty Minutes : 2

Official

Referees : Jake Brenk and Dave Lewis
Linesman : Tony Sericolo and Brian Mach

Game Notes

No Game Note

Finance

Level 1 -- Attendance: 5899 (90,75%) -- Ticket Income 707 880 $
Level 2 -- Attendance: 5000 (100,00%) -- Ticket Income 425 000 $
Level 3 -- Attendance: 2863 (81,80%) -- Ticket Income 186 095 $
Level 4 -- Attendance: 3135 (59,30%) -- Ticket Income 62 700 $
Luxury Box -- Attendance: 1000 (100,00%) -- Ticket Income 220 000 $
Game was played at the Bell Centre.
Total Attendance: 17897 (84,07%)
Total Ticket Income: 1 601 675 $
Other Income: 784 821 $
Total Income: 2 386 496 $

% Time on Ice - Lightning

Lines # - Real PCT - Wanted PCT - Time Play
Normal Forward
1 - 32% - 33% - 17:40
2 - 33% - 33% - 18:26
3 - 27% - 24% - 15:09
4 - 8% - 10% - 4:41
Normal Defense
1 - 36% - 40% - 20:01
2 - 28% - 30% - 15:35
3 - 31% - 20% - 17:17
4 - 5% - 10% - 3:03
PP Forward
1 - 40% - 50% - 0:48
2 - 60% - 50% - 1:11
PP Defense
1 - 40% - 50% - 0:48
2 - 60% - 50% - 1:11
PK Forward
1 - 82% - 60% - 1:42
2 - 18% - 40% - 0:23
PK Defense
1 - 58% - 60% - 1:13
2 - 42% - 40% - 0:52
PK3 Forward
1 - 0% - 60%
2 - 0% - 40%
PK3 Defense
1 - 0% - 60%
2 - 0% - 40%
44 Forward
1 - 0% - 60%
2 - 0% - 40%
44 Defense
1 - 0% - 60%
2 - 0% - 40%
Last Minute Offensive  - 0:00
Last Minute Defensive  - 0:00
Total
Forward - 60:00
Defense - 60:00

% Time on Ice - Canadiens

Lines # - Real PCT - Wanted PCT - Time Play
Normal Forward
1 - 35% - 40% - 19:31
2 - 31% - 30% - 17:14
3 - 22% - 20% - 12:30
4 - 12% - 10% - 6:41
Normal Defense
1 - 38% - 40% - 21:22
2 - 31% - 30% - 17:23
3 - 20% - 20% - 11:12
4 - 11% - 10% - 5:59
PP Forward
1 - 59% - 60% - 1:14
2 - 41% - 40% - 0:51
PP Defense
1 - 50% - 60% - 1:03
2 - 50% - 40% - 1:02
PK Forward
1 - 61% - 60% - 1:12
2 - 39% - 40% - 0:47
PK Defense
1 - 93% - 60% - 1:51
2 - 7% - 40% - 0:08
PK3 Forward
1 - 0% - 60%
2 - 0% - 40%
PK3 Defense
1 - 0% - 60%
2 - 0% - 40%
44 Forward
1 - 0% - 60%
2 - 0% - 40%
44 Defense
1 - 0% - 60%
2 - 0% - 40%
Last Minute Offensive  - 0:00
Last Minute Defensive  - 0:00
Total
Forward - 60:00
Defense - 60:00

Play-by-Play

1st period


0:01 of 1st period - Patrice Bergeron wins face-off versus Patrick Kane in neutral zone.
0:29 of 1st period - Shot by Patrick Kane.
0:29 of 1st period - Shot Misses the Net.
0:35 of 1st period - Shot by Auston Matthews.
0:35 of 1st period - Stopped by Elvis Merzlikins without a rebound.
0:36 of 1st period - Jeff Carter wins face-off versus David Krejci in Lightning zone.
0:46 of 1st period - Jeff Carter is hit by Josh Morrissey and loses puck.
0:59 of 1st period - Shot by Joonas Donskoi.
0:59 of 1st period - Stopped by Tuukka Rask with a rebound.
1:01 of 1st period - Shot by Erik Gudbranson.
1:01 of 1st period - Shot Misses the Net.
1:03 of 1st period - Shot by Erik Gudbranson.
1:03 of 1st period - Shot Misses the Net.
1:05 of 1st period - Shot by Zach Bogosian.
1:05 of 1st period - Shot Misses the Net.
1:07 of 1st period - Shot by Bo Horvat.
1:07 of 1st period - Shot Misses the Net.
1:09 of 1st period - Shot by Joonas Donskoi.
1:09 of 1st period - Stopped by Tuukka Rask with a rebound.
1:11 of 1st period - Shot by Jeff Carter.
1:11 of 1st period - Shot Misses the Net.
1:13 of 1st period - Shot by Erik Gudbranson.
1:13 of 1st period - Shot Misses the Net.
1:15 of 1st period - Shot by Bo Horvat.
1:15 of 1st period - Stopped by Tuukka Rask with a rebound.
1:47 of 1st period - Shot by Colin White.
1:47 of 1st period - Shot Misses the Net.
1:57 of 1st period - Shot by Artturi Lehkonen.
1:57 of 1st period - Shot Misses the Net.
1:59 of 1st period - Shot by Danny DeKeyser.
1:59 of 1st period - Shot Misses the Net.
2:01 of 1st period - Shot by Artturi Lehkonen.
2:01 of 1st period - Stopped by Elvis Merzlikins with a rebound.
2:03 of 1st period - Shot by Karl Alzner.
2:03 of 1st period - Shot Misses the Net.
2:05 of 1st period - Shot by Danny DeKeyser.
2:05 of 1st period - Stopped by Elvis Merzlikins without a rebound.
2:06 of 1st period - Auston Matthews wins face-off versus Frederik Gauthier in Lightning zone.
2:41 of 1st period - Shot by Auston Matthews.
2:41 of 1st period - Shot Misses the Net.
3:06 of 1st period - Icing by Travis Sanheim.
3:07 of 1st period - Auston Matthews wins face-off versus Travis Zajac in Canadiens zone.
3:40 of 1st period - Icing by Karl Alzner.
3:41 of 1st period - Nick Shore wins face-off versus Bo Horvat in Canadiens zone.
3:41 of 1st period - Nick Shore is hit by Joonas Donskoi.
3:47 of 1st period - Shot by Danny DeKeyser.
3:47 of 1st period - Shot Misses the Net.
5:17 of 1st period - Jeff Skinner is hit by Ilya Kovalchuk and loses puck.
5:52 of 1st period - Colin White is hit by Zack Kassian and loses puck.
6:15 of 1st period - Shot by Tyson Jost.
6:15 of 1st period - Shot Misses the Net.
6:22 of 1st period - Icing by Travis Zajac.
6:23 of 1st period - Auston Matthews wins face-off versus Travis Zajac in Lightning zone.
6:28 of 1st period - Shot by Auston Matthews.
6:28 of 1st period - Deflect By Patrick Kane.
6:28 of 1st period - Stopped by Elvis Merzlikins without a rebound.
6:29 of 1st period - Auston Matthews wins face-off versus Patrice Bergeron in Lightning zone.
6:34 of 1st period - Shot by Patrick Kane.
6:34 of 1st period - Shot Blocked by Alexander Edler.
6:44 of 1st period - Shot by Patrice Bergeron.
6:44 of 1st period - Stopped by Tuukka Rask without a rebound.
6:45 of 1st period - Bo Horvat wins face-off versus David Krejci in Canadiens zone.
6:48 of 1st period - Shot by Jeff Carter.
6:48 of 1st period - Stopped by Tuukka Rask without a rebound.
6:49 of 1st period - Auston Matthews wins face-off versus Patrice Bergeron in Canadiens zone.
7:22 of 1st period - Shot by Cam Fowler.
7:22 of 1st period - Shot Blocked by Patrice Bergeron.
7:46 of 1st period - Patrice Bergeron is hit by Ilya Kovalchuk and loses puck.
7:55 of 1st period - Shot by David Krejci.
7:55 of 1st period - Stopped by Elvis Merzlikins without a rebound.
7:56 of 1st period - Bo Horvat wins face-off versus Colin White in Lightning zone.
8:26 of 1st period - Shot by Tyson Jost.
8:26 of 1st period - Stopped by Elvis Merzlikins with a rebound.
8:46 of 1st period - Shot by Ilya Kovalchuk.
8:46 of 1st period - Stopped by Elvis Merzlikins without a rebound.
8:47 of 1st period - Travis Zajac wins face-off versus David Krejci in Lightning zone.
9:03 of 1st period - Off-side.
9:04 of 1st period - Auston Matthews wins face-off versus Frederik Gauthier in neutral zone.
9:11 of 1st period - Shot by Cam Fowler.
9:11 of 1st period - Shot Misses the Net.
9:17 of 1st period - Shot by Auston Matthews.
9:17 of 1st period - Stopped by Elvis Merzlikins with a rebound.
9:21 of 1st period - Shot by Auston Matthews.
9:21 of 1st period - Stopped by Elvis Merzlikins with a rebound.
9:23 of 1st period - Shot by Travis Sanheim.
9:23 of 1st period - Stopped by Elvis Merzlikins with a rebound.
9:31 of 1st period - Shot by Cam Fowler.
9:31 of 1st period - Shot Misses the Net.
9:33 of 1st period - Shot by Travis Sanheim.
9:33 of 1st period - Shot Blocked by Kevin Shattenkirk.
10:04 of 1st period - Shot by David Krejci.
10:04 of 1st period - Stopped by Elvis Merzlikins without a rebound.
10:05 of 1st period - Colin White wins face-off versus Bo Horvat in Lightning zone.
10:12 of 1st period - Shot by Colin White.
10:12 of 1st period - Shot Misses the Net.
10:16 of 1st period - Shot by Tyson Jost.
10:16 of 1st period - Stopped by Elvis Merzlikins without a rebound.
10:17 of 1st period - Travis Zajac wins face-off versus David Krejci in Lightning zone.
10:17 of 1st period - Travis Zajac is hit by Ilya Kovalchuk.
11:08 of 1st period - Bo Horvat is hit by Danny DeKeyser and loses puck.
11:19 of 1st period - Shot by Bo Horvat.
11:19 of 1st period - Shot Misses the Net.
11:21 of 1st period - Shot by Jeff Carter.
11:21 of 1st period - Shot Misses the Net.
11:23 of 1st period - Shot by Jeff Carter.
11:23 of 1st period - Stopped by Tuukka Rask without a rebound.
11:24 of 1st period - Auston Matthews wins face-off versus Patrice Bergeron in Canadiens zone.
11:43 of 1st period - Shot by Patrice Bergeron.
11:43 of 1st period - Shot Misses the Net.
11:48 of 1st period - Patrice Bergeron is hit by Josh Morrissey and loses puck.
12:06 of 1st period - Icing by Nate Schmidt.
12:07 of 1st period - Auston Matthews wins face-off versus Jeff Carter in Canadiens zone.
12:14 of 1st period - Icing by Zach Bogosian.
12:15 of 1st period - Colin White wins face-off versus Bo Horvat in Lightning zone.
12:15 of 1st period - Colin White is hit by Erik Gudbranson.
12:27 of 1st period - Shot by Tyson Jost.
12:27 of 1st period - Stopped by Elvis Merzlikins without a rebound.
12:28 of 1st period - Travis Zajac wins face-off versus Loui Eriksson in Lightning zone.
12:41 of 1st period - Shot by Jeff Skinner.
12:41 of 1st period - Deflect By Zack Kassian.
12:41 of 1st period - Shot Misses the Net.
12:49 of 1st period - Shot by Travis Zajac.
12:49 of 1st period - Shot Blocked by Cam Fowler.
12:51 of 1st period - Shot by Jason Demers.
12:51 of 1st period - Goal by Jason Demers - Lightning : 1 - Canadiens : 0.
12:52 of 1st period - Colin White wins face-off versus Alex Killorn in neutral zone.
13:03 of 1st period - Shot by Tyson Jost.
13:03 of 1st period - Stopped by Elvis Merzlikins without a rebound.
13:04 of 1st period - Bo Horvat wins face-off versus Auston Matthews in Lightning zone.
13:52 of 1st period - Minor Penalty to Jeff Carter for Slashing.
13:53 of 1st period - David Krejci wins face-off versus Travis Zajac in Lightning zone.
13:56 of 1st period - Shot by Cam Fowler.
13:56 of 1st period - Shot Blocked by Alexander Edler.
13:58 of 1st period - Shot by David Krejci.
13:58 of 1st period - Deflect By Ilya Kovalchuk.
13:58 of 1st period - Goal by Ilya Kovalchuk - Lightning : 1 - Canadiens : 1.
13:59 of 1st period - Patrice Bergeron wins face-off versus David Krejci in neutral zone.
14:08 of 1st period - Shot by Kevin Shattenkirk.
14:08 of 1st period - Shot Blocked by Cam Fowler.
14:18 of 1st period - Shot by Logan Couture.
14:18 of 1st period - Stopped by Tuukka Rask without a rebound.
14:19 of 1st period - Travis Zajac wins face-off versus Colin White in Canadiens zone.
14:34 of 1st period - Shot by Jeff Skinner.
14:34 of 1st period - Shot Misses the Net.
15:32 of 1st period - Patrick Kane is hit by Alexander Edler and loses puck.
15:45 of 1st period - Shot by Patrick Kane.
15:45 of 1st period - Shot Blocked by Kevin Shattenkirk.
15:47 of 1st period - Shot by Patrick Kane.
15:47 of 1st period - Shot Misses the Net.
16:06 of 1st period - Icing by Logan Couture.
16:07 of 1st period - Patrice Bergeron wins face-off versus David Krejci in Lightning zone.
16:23 of 1st period - Icing by Danny DeKeyser.
16:24 of 1st period - Bo Horvat wins face-off versus David Krejci in Canadiens zone.
16:33 of 1st period - Shot by Joonas Donskoi.
16:33 of 1st period - Stopped by Tuukka Rask without a rebound.
16:34 of 1st period - Nick Shore wins face-off versus Travis Zajac in Canadiens zone.
17:01 of 1st period - Shot by Justin Abdelkader.
17:01 of 1st period - Stopped by Elvis Merzlikins without a rebound.
17:02 of 1st period - Valeri Nichushkin wins face-off versus Bo Horvat in Lightning zone.
17:03 of 1st period - Shot by Patrick Kane.
17:03 of 1st period - Stopped by Elvis Merzlikins without a rebound.
17:04 of 1st period - Bo Horvat wins face-off versus Auston Matthews in Lightning zone.
17:04 of 1st period - Bo Horvat is hit by Auston Matthews.
17:14 of 1st period - Shot by Patrick Kane.
17:14 of 1st period - Shot Misses the Net.
17:26 of 1st period - Shot by Jeff Carter.
17:26 of 1st period - Shot Blocked by Cam Fowler.
18:06 of 1st period - Shot by Ilya Kovalchuk.
18:06 of 1st period - Stopped by Elvis Merzlikins with a rebound.
18:14 of 1st period - Shot by David Krejci.
18:14 of 1st period - Stopped by Elvis Merzlikins without a rebound.
18:15 of 1st period - Patrice Bergeron wins face-off versus Colin White in Lightning zone.
18:15 of 1st period - Alexander Edler is hit by Tyson Jost and loses puck.
18:52 of 1st period - Logan Couture is hit by Artturi Lehkonen and loses puck.
19:26 of 1st period - Shot by David Krejci.
19:26 of 1st period - Shot Blocked by Kevin Shattenkirk.
19:28 of 1st period - Shot by Jakob Silfverberg.
19:28 of 1st period - Stopped by Elvis Merzlikins with a rebound.
19:32 of 1st period - Shot by Jakob Silfverberg.
19:32 of 1st period - Stopped by Elvis Merzlikins without a rebound.
19:33 of 1st period - Travis Zajac wins face-off versus Auston Matthews in Lightning zone.
19:40 of 1st period - Shot by Zack Kassian.
19:40 of 1st period - Stopped by Tuukka Rask without a rebound.
19:41 of 1st period - Auston Matthews wins face-off versus Travis Zajac in Canadiens zone.
Goals for this period are 1 for Lightning vs 1 for Canadiens.
Shots for this period are 10 for Lightning vs 21 for Canadiens.

2nd period


0:01 of 2nd period - Bo Horvat wins face-off versus Auston Matthews in neutral zone.
0:18 of 2nd period - Shot by Patrick Kane.
0:18 of 2nd period - Shot Misses the Net.
0:20 of 2nd period - Shot by Travis Sanheim.
0:20 of 2nd period - Shot Blocked by Alexander Edler.
0:26 of 2nd period - Shot by Patrick Kane.
0:26 of 2nd period - Shot Blocked by Alexander Edler.
0:28 of 2nd period - Shot by Travis Sanheim.
0:28 of 2nd period - Stopped by Elvis Merzlikins without a rebound.
0:29 of 2nd period - David Krejci wins face-off versus Frederik Gauthier in Lightning zone.
0:29 of 2nd period - Nate Schmidt is hit by Zach Bogosian and loses puck.
0:41 of 2nd period - Icing by Nate Schmidt.
0:42 of 2nd period - David Krejci wins face-off versus Travis Zajac in Canadiens zone.
1:58 of 2nd period - Jeff Carter is hit by Valeri Nichushkin and loses puck.
3:21 of 2nd period - Shot by Logan Couture.
3:21 of 2nd period - Shot Misses the Net.
3:27 of 2nd period - Shot by Alex Killorn.
3:27 of 2nd period - Stopped by Tuukka Rask without a rebound.
3:28 of 2nd period - David Krejci wins face-off versus Travis Zajac in Canadiens zone.
3:50 of 2nd period - Icing by Zack Kassian.
3:51 of 2nd period - Auston Matthews wins face-off versus Travis Zajac in Lightning zone.
4:07 of 2nd period - Icing by Trevor Daley.
4:08 of 2nd period - David Krejci wins face-off versus Travis Zajac in Lightning zone.
4:48 of 2nd period - Off-side.
4:49 of 2nd period - Auston Matthews wins face-off versus Frederik Gauthier in neutral zone.
4:52 of 2nd period - Shot by Cam Fowler.
4:52 of 2nd period - Stopped by Elvis Merzlikins without a rebound.
4:53 of 2nd period - Auston Matthews wins face-off versus Frederik Gauthier in Lightning zone.
5:27 of 2nd period - Icing by Cam Fowler.
5:28 of 2nd period - Bo Horvat wins face-off versus Auston Matthews in Canadiens zone.
6:03 of 2nd period - Icing by Joonas Donskoi.
6:04 of 2nd period - David Krejci wins face-off versus Bo Horvat in Lightning zone.
6:05 of 2nd period - Shot by Jakob Silfverberg.
6:05 of 2nd period - Shot Misses the Net.
6:24 of 2nd period - Icing by David Krejci.
6:25 of 2nd period - David Krejci wins face-off versus Patrice Bergeron in Canadiens zone.
6:35 of 2nd period - Off-side.
6:36 of 2nd period - Zack Kassian wins face-off versus Colin White in neutral zone.
7:13 of 2nd period - Shot by Trevor Daley.
7:13 of 2nd period - Stopped by Tuukka Rask without a rebound.
7:14 of 2nd period - Patrice Bergeron wins face-off versus Jakob Silfverberg in Canadiens zone.
7:22 of 2nd period - Icing by Travis Sanheim.
7:23 of 2nd period - Logan Couture wins face-off versus David Krejci in Canadiens zone.
7:59 of 2nd period - Minor Penalty to Logan Couture for High sticking.
8:00 of 2nd period - Auston Matthews wins face-off versus Travis Zajac in Lightning zone.
8:11 of 2nd period - Shot by Auston Matthews.
8:11 of 2nd period - Stopped by Elvis Merzlikins without a rebound.
8:12 of 2nd period - Travis Zajac wins face-off versus Valeri Nichushkin in Lightning zone.
9:50 of 2nd period - Kevin Shattenkirk is hit by Valeri Nichushkin and loses puck.
10:01 of 2nd period - Shot by Auston Matthews.
10:01 of 2nd period - Stopped by Elvis Merzlikins without a rebound.
10:02 of 2nd period - Bo Horvat wins face-off versus Colin White in Lightning zone.
10:02 of 2nd period - Bo Horvat is hit by Tyson Jost.
11:08 of 2nd period - Shot by Logan Couture.
11:08 of 2nd period - Stopped by Tuukka Rask without a rebound.
11:09 of 2nd period - David Krejci wins face-off versus Travis Zajac in Canadiens zone.
11:09 of 2nd period - David Krejci is hit by Zack Kassian.
11:35 of 2nd period - Shot by Travis Zajac.
11:35 of 2nd period - Shot Misses the Net.
11:45 of 2nd period - Shot by Jeff Skinner.
11:45 of 2nd period - Stopped by Tuukka Rask without a rebound.
11:46 of 2nd period - Auston Matthews wins face-off versus Patrice Bergeron in Canadiens zone.
11:46 of 2nd period - Auston Matthews is hit by Patrice Bergeron.
12:02 of 2nd period - Shot by Alex Killorn.
12:02 of 2nd period - Shot Blocked by Nate Schmidt.
12:14 of 2nd period - Shot by Alex Killorn.
12:14 of 2nd period - Shot Blocked by Josh Morrissey.
12:21 of 2nd period - Icing by Valeri Nichushkin.
12:22 of 2nd period - Auston Matthews wins face-off versus Bo Horvat in Canadiens zone.
12:22 of 2nd period - Auston Matthews is hit by Jeff Carter.
13:17 of 2nd period - Icing by Cam Fowler.
13:18 of 2nd period - Patrice Bergeron wins face-off versus Jakob Silfverberg in Canadiens zone.
13:56 of 2nd period - Colin White is hit by Alexander Edler and loses puck.
14:47 of 2nd period - Shot by Loui Eriksson.
14:47 of 2nd period - Stopped by Elvis Merzlikins with a rebound.
14:55 of 2nd period - Loui Eriksson is hit by Logan Couture.
15:22 of 2nd period - Valeri Nichushkin is hit by Kevin Shattenkirk and loses puck.
15:27 of 2nd period - Shot by Patrick Kane.
15:27 of 2nd period - Shot Misses the Net.
15:29 of 2nd period - Shot by Valeri Nichushkin.
15:29 of 2nd period - Goal by Valeri Nichushkin - Lightning : 1 - Canadiens : 2.
15:30 of 2nd period - David Krejci wins face-off versus Bo Horvat in neutral zone.
16:22 of 2nd period - Icing by Danny DeKeyser.
16:23 of 2nd period - David Krejci wins face-off versus Travis Zajac in Canadiens zone.
16:23 of 2nd period - David Krejci is hit by Travis Zajac.
16:26 of 2nd period - Jakob Silfverberg is hit by Zack Kassian and loses puck.
16:48 of 2nd period - Travis Zajac is hit by Karl Alzner and loses puck.
17:43 of 2nd period - Shot by Valeri Nichushkin.
17:43 of 2nd period - Shot Misses the Net.
17:49 of 2nd period - Shot by Patrick Kane.
17:49 of 2nd period - Stopped by Elvis Merzlikins without a rebound.
17:50 of 2nd period - Frederik Gauthier wins face-off versus Colin White in Lightning zone.
18:25 of 2nd period - Icing by Jason Demers.
18:26 of 2nd period - Justin Abdelkader wins face-off versus Frederik Gauthier in Lightning zone.
18:47 of 2nd period - Shot by Loui Eriksson.
18:47 of 2nd period - Stopped by Elvis Merzlikins without a rebound.
18:48 of 2nd period - Patrice Bergeron wins face-off versus Auston Matthews in Lightning zone.
19:03 of 2nd period - Shot by Alex Killorn.
19:03 of 2nd period - Shot Misses the Net.
Goals for this period are 0 for Lightning vs 1 for Canadiens.
Shots for this period are 4 for Lightning vs 8 for Canadiens.

3rd period


0:01 of 3rd period - Patrice Bergeron wins face-off versus Auston Matthews in neutral zone.
0:01 of 3rd period - Alex Killorn is hit by Valeri Nichushkin and loses puck.
0:27 of 3rd period - Shot by Patrice Bergeron.
0:27 of 3rd period - Shot Misses the Net.
0:28 of 3rd period - Minor Penalty to Cam Fowler for Hooking.
0:29 of 3rd period - Bo Horvat wins face-off versus Nick Shore in Canadiens zone.
0:46 of 3rd period - Shot by Erik Gudbranson.
0:46 of 3rd period - Shot Misses the Net.
0:48 of 3rd period - Shot by Jeff Carter.
0:48 of 3rd period - Shot Blocked by Josh Morrissey.
0:50 of 3rd period - Shot by Bo Horvat.
0:50 of 3rd period - Shot Misses the Net.
0:52 of 3rd period - Shot by Erik Gudbranson.
0:52 of 3rd period - Stopped by Tuukka Rask with a rebound.
0:54 of 3rd period - Shot by Bo Horvat.
0:54 of 3rd period - Stopped by Tuukka Rask with a rebound.
0:56 of 3rd period - Shot by Jeff Carter.
0:56 of 3rd period - Stopped by Tuukka Rask without a rebound.
0:57 of 3rd period - Nick Shore wins face-off versus Patrice Bergeron in Canadiens zone.
1:18 of 3rd period - Shot by Kevin Shattenkirk.
1:18 of 3rd period - Stopped by Tuukka Rask with a rebound.
1:20 of 3rd period - Shot by Alexander Edler.
1:20 of 3rd period - Stopped by Tuukka Rask without a rebound.
1:21 of 3rd period - Bo Horvat wins face-off versus Jakob Silfverberg in Canadiens zone.
1:49 of 3rd period - Shot by Erik Gudbranson.
1:49 of 3rd period - Stopped by Tuukka Rask with a rebound.
1:59 of 3rd period - Shot by Bo Horvat.
1:59 of 3rd period - Shot Blocked by Danny DeKeyser.
2:33 of 3rd period - Shot by Patrice Bergeron.
2:33 of 3rd period - Stopped by Tuukka Rask without a rebound.
2:34 of 3rd period - Travis Zajac wins face-off versus Auston Matthews in Canadiens zone.
2:35 of 3rd period - Shot by Jason Demers.
2:35 of 3rd period - Shot Misses the Net.
3:30 of 3rd period - Icing by Travis Sanheim.
3:31 of 3rd period - Bo Horvat wins face-off versus Auston Matthews in Canadiens zone.
3:32 of 3rd period - Shot by Joonas Donskoi.
3:32 of 3rd period - Stopped by Tuukka Rask without a rebound.
3:33 of 3rd period - Bo Horvat wins face-off versus David Krejci in Canadiens zone.
4:54 of 3rd period - Shot by Alex Killorn.
4:54 of 3rd period - Shot Misses the Net.
4:56 of 3rd period - Shot by Alex Killorn.
4:56 of 3rd period - Stopped by Tuukka Rask with a rebound.
4:58 of 3rd period - Shot by Patrice Bergeron.
4:58 of 3rd period - Shot Blocked by Nate Schmidt.
5:04 of 3rd period - Shot by Patrice Bergeron.
5:04 of 3rd period - Shot Misses the Net.
5:31 of 3rd period - Shot by Jeff Skinner.
5:31 of 3rd period - Shot Misses the Net.
6:22 of 3rd period - Shot by Valeri Nichushkin.
6:22 of 3rd period - Shot Misses the Net.
6:26 of 3rd period - Shot by Auston Matthews.
6:26 of 3rd period - Shot Misses the Net.
7:46 of 3rd period - Icing by Karl Alzner.
7:47 of 3rd period - David Krejci wins face-off versus Patrice Bergeron in Canadiens zone.
8:04 of 3rd period - Shot by Loui Eriksson.
8:04 of 3rd period - Shot Misses the Net.
8:06 of 3rd period - Shot by Nick Shore.
8:06 of 3rd period - Stopped by Elvis Merzlikins without a rebound.
8:07 of 3rd period - Bo Horvat wins face-off versus Auston Matthews in Lightning zone.
8:07 of 3rd period - Bo Horvat is hit by Valeri Nichushkin.
8:12 of 3rd period - Joonas Donskoi is hit by Auston Matthews and loses puck.
8:23 of 3rd period - Shot by Auston Matthews.
8:23 of 3rd period - Stopped by Elvis Merzlikins without a rebound.
8:24 of 3rd period - Nick Shore wins face-off versus Patrice Bergeron in Lightning zone.
8:24 of 3rd period - Josh Morrissey is hit by Zach Bogosian and loses puck.
8:30 of 3rd period - Loui Eriksson is hit by Erik Gudbranson and loses puck.
8:56 of 3rd period - Off-side.
8:57 of 3rd period - Auston Matthews wins face-off versus Joonas Donskoi in neutral zone.
9:02 of 3rd period - Bo Horvat is hit by Auston Matthews and loses puck.
9:12 of 3rd period - Icing by Alexander Edler.
9:13 of 3rd period - Bo Horvat wins face-off versus Jakob Silfverberg in Lightning zone.
9:51 of 3rd period - Shot by Jakob Silfverberg.
9:51 of 3rd period - Shot Hit the Post.
9:54 of 3rd period - Icing by Jeff Carter.
9:55 of 3rd period - Bo Horvat wins face-off versus Valeri Nichushkin in Lightning zone.
10:34 of 3rd period - Shot by Patrick Kane.
10:34 of 3rd period - Shot Misses the Net.
10:37 of 3rd period - Icing by Erik Gudbranson.
10:38 of 3rd period - Patrice Bergeron wins face-off versus Colin White in Lightning zone.
10:38 of 3rd period - Logan Couture is hit by Tyson Jost and loses puck.
10:48 of 3rd period - Icing by Nate Schmidt.
10:49 of 3rd period - Colin White wins face-off versus Travis Zajac in Canadiens zone.
11:36 of 3rd period - Shot by Jakob Silfverberg.
11:36 of 3rd period - Stopped by Elvis Merzlikins without a rebound.
11:37 of 3rd period - Patrice Bergeron wins face-off versus Auston Matthews in Lightning zone.
11:51 of 3rd period - Cam Fowler is hit by Patrice Bergeron and loses puck.
12:06 of 3rd period - Icing by Patrick Kane.
12:07 of 3rd period - Auston Matthews wins face-off versus Bo Horvat in Canadiens zone.
12:53 of 3rd period - Icing by Karl Alzner.
12:54 of 3rd period - David Krejci wins face-off versus Patrice Bergeron in Canadiens zone.
13:25 of 3rd period - Shot by Patrice Bergeron.
13:25 of 3rd period - Shot Blocked by Jakob Silfverberg.
13:42 of 3rd period - Icing by Jakob Silfverberg.
13:43 of 3rd period - Travis Zajac wins face-off versus David Krejci in Canadiens zone.
13:58 of 3rd period - Travis Zajac is hit by Karl Alzner and loses puck.
15:13 of 3rd period - Shot by Bo Horvat.
15:13 of 3rd period - Stopped by Tuukka Rask without a rebound.
15:14 of 3rd period - Frederik Gauthier wins face-off versus Nick Shore in Canadiens zone.
15:19 of 3rd period - Shot by Alex Killorn.
15:19 of 3rd period - Stopped by Tuukka Rask with a rebound.
15:25 of 3rd period - Shot by Alex Killorn.
15:25 of 3rd period - Shot Misses the Net.
15:27 of 3rd period - Shot by Kevin Shattenkirk.
15:27 of 3rd period - Stopped by Tuukka Rask without a rebound.
15:28 of 3rd period - Alex Killorn wins face-off versus Colin White in Canadiens zone.
15:29 of 3rd period - Shot by Logan Couture.
15:29 of 3rd period - Stopped by Tuukka Rask without a rebound.
15:30 of 3rd period - Patrice Bergeron wins face-off versus Colin White in Canadiens zone.
15:30 of 3rd period - Patrice Bergeron is hit by Josh Morrissey.
15:49 of 3rd period - Icing by Nate Schmidt.
15:50 of 3rd period - Bo Horvat wins face-off versus Colin White in Canadiens zone.
15:58 of 3rd period - Icing by Colin White.
15:59 of 3rd period - Colin White wins face-off versus Frederik Gauthier in Canadiens zone.
15:59 of 3rd period - Colin White is hit by Frederik Gauthier.
16:02 of 3rd period - Icing by Nate Schmidt.
16:03 of 3rd period - Bo Horvat wins face-off versus Colin White in Canadiens zone.
16:15 of 3rd period - Off-side.
16:16 of 3rd period - Patrice Bergeron wins face-off versus Auston Matthews in neutral zone.
16:19 of 3rd period - Shot by Alex Killorn.
16:19 of 3rd period - Stopped by Tuukka Rask without a rebound.
16:20 of 3rd period - Auston Matthews wins face-off versus Bo Horvat in Canadiens zone.
16:33 of 3rd period - Shot by Auston Matthews.
16:33 of 3rd period - Shot Misses the Net.
16:35 of 3rd period - Shot by Auston Matthews.
16:35 of 3rd period - Deflect By Patrick Kane.
16:35 of 3rd period - Goal by Patrick Kane - Lightning : 1 - Canadiens : 3.
16:36 of 3rd period - Loui Eriksson wins face-off versus Frederik Gauthier in neutral zone.
16:36 of 3rd period - Loui Eriksson is hit by Frederik Gauthier.
16:59 of 3rd period - Pierre-Edouard Bellemare is hit by Danny DeKeyser and loses puck.
17:26 of 3rd period - Loui Eriksson is hit by Bo Horvat and loses puck.
17:53 of 3rd period - Shot by Bo Horvat.
17:53 of 3rd period - Shot Misses the Net.
17:55 of 3rd period - Shot by Alexander Edler.
17:55 of 3rd period - Stopped by Tuukka Rask without a rebound.
17:56 of 3rd period - Auston Matthews wins face-off versus Travis Zajac in Canadiens zone.
18:03 of 3rd period - Shot by Travis Sanheim.
18:03 of 3rd period - Shot Blocked by Jason Demers.
18:23 of 3rd period - Shot by Patrick Kane.
18:23 of 3rd period - Stopped by Elvis Merzlikins without a rebound.
18:24 of 3rd period - Patrice Bergeron wins face-off versus David Krejci in Lightning zone.
18:24 of 3rd period - Patrice Bergeron is hit by Ilya Kovalchuk.
18:32 of 3rd period - Shot by David Krejci.
18:32 of 3rd period - Shot Hit the Post.
18:34 of 3rd period - Shot by Ilya Kovalchuk.
18:34 of 3rd period - Stopped by Elvis Merzlikins with a rebound.
18:42 of 3rd period - Shot by Ilya Kovalchuk.
18:42 of 3rd period - Stopped by Elvis Merzlikins with a rebound.
18:44 of 3rd period - Shot by David Krejci.
18:44 of 3rd period - Shot Misses the Net.
18:46 of 3rd period - Shot by Jakob Silfverberg.
18:46 of 3rd period - Shot Blocked by Zach Bogosian.
18:48 of 3rd period - Shot by David Krejci.
18:48 of 3rd period - Goal by David Krejci - Lightning : 1 - Canadiens : 4.
18:49 of 3rd period - Colin White wins face-off versus Bo Horvat in neutral zone.
19:11 of 3rd period - Bo Horvat is hit by Travis Sanheim.
19:30 of 3rd period - Icing by Cam Fowler.
19:31 of 3rd period - Colin White wins face-off versus Patrice Bergeron in Canadiens zone.
19:36 of 3rd period - Shot by Tyson Jost.
19:36 of 3rd period - Stopped by Elvis Merzlikins with a rebound.
19:50 of 3rd period - Shot by Logan Couture.
19:50 of 3rd period - Deflect By Patrice Bergeron.
19:50 of 3rd period - Shot Blocked by Josh Morrissey.
Goals for this period are 0 for Lightning vs 2 for Canadiens.
Shots for this period are 15 for Lightning vs 9 for Canadiens.